 Dungeon Crawl Stone Soup version 0.19.1 (webtiles) character file.

341 CanadianGator the Conjurer (level 6, -1/32 HPs)
             Began as a Deep Elf Conjurer on Dec 14, 2016.
             Slain by an ogre
             ... wielding a +0 giant spiked club
              (20 damage)
             ... on level 3 of the Dungeon.
             The game lasted 00:12:30 (2481 turns).

CanadianGator the Conjurer (Deep Elf Conjurer)      Turns: 2481, Time: 00:12:31

Health: -1/32      AC:  7    Str:  5    XL:     6   Next: 30%
Magic:  1/16       EV: 10    Int: 22    God:
Gold:   127        SH:  0    Dex: 15    Spells: 3 memorised, 8 levels left

rFire  + . .     SeeInvis .     d - +1 short sword (drain)
rCold  . . .     Gourm    .     i - +2 ring mail {rF+}
rNeg   . . .     Faith    .     (no shield)
rPois  .         Spirit   .     (no helmet)
rElec  .         Reflect  .     (no cloak)
rCorr  .         Harm     .     (no gloves)
MR     .....                    (no boots)
Stlth  ++........               (no amulet)
                                (no ring)
                                (no ring)

@: no status effects
A: no striking features
a: no special abilities


You were on level 3 of the Dungeon.
You were hungry.

You visited 1 branch of the dungeon, and saw 3 of its levels.

You collected 127 gold pieces.

Inventory:

Hand Weapons
 d - a +1 short sword of draining (weapon)
 t - a +2 short sword of holy wrath
Armour
 a - a +0 robe
 i - a +2 ring mail of fire resistance (worn)
 s - a +2 helmet
Jewellery
 o - an uncursed amulet of faith
Scrolls
 e - 2 scrolls of amnesia
 h - 2 scrolls of teleportation {unknown}
 j - 3 scrolls of fog
 p - a scroll of fear {unknown}
 q - a scroll of enchant armour {unknown}
 r - a scroll of blinking {unknown}
Potions
 f - 2 potions of heal wounds
 k - 2 potions of curing {unknown}
 m - a potion of beneficial mutation {unknown}
 n - a potion of cancellation {unknown}
Books
 b - a book of Conjurations

   Spells                             Type                      Level
   a - Magic Dart                     Conjuration                  1
   b - Searing Ray                    Conjuration                  2
   c - Dazzling Spray                 Conjuration/Hexes            3
   d - Fulminant Prism                Conjuration/Hexes            4
   e - Iskenderun's Mystic Blast      Conjuration                  4
   f - Iskenderun's Battlesphere      Conjuration/Charms           5
Comestibles
 c - 2 bread rations
 g - 3 fruits
 l - a beef jerky


   Skills:
 + Level 1.0 Short Blades
 + Level 1.9 Armour
 + Level 3.4 Dodging
 + Level 3.9 Stealth
 * Level 5.4 Spellcasting
 * Level 5.6 Conjurations


You had 8 spell levels left.
You knew the following spells:

 Your Spells              Type           Power        Failure   Level  Hunger
a - Magic Dart            Conj           ####         4%          1    None
b - Searing Ray           Conj           ####..       8%          2    None
c - Iskenderun's Mystic   Conj           ####....     41%         4    ####...


Dungeon Overview and Level Annotations

Branches:
Dungeon (3/15)

Altars:
Cheibriados
Gozag
Makhleb
Nemelex Xobeh
The Shining One


Message History

You see here a mace.
Casting: Searing Ray
Confirm with . or Enter, or press ? or * to list all spells.
Aiming: Searing Ray
Press: ? - help, Shift-Dir - straight line, f - ogre
Aim: an ogre, wielding a giant spiked club The searing ray hits the ogre.
The ogre is lightly wounded.
The searing ray misses the ogre.
The ogre misses you.
The searing ray hits the ogre.
The ogre is moderately wounded.
The ogre hits you with a giant spiked club!
The searing ray hits the ogre.
The ogre is severely wounded.
You finish channeling your searing ray.
You hit the ogre but do no damage. You drain the ogre!
The ogre is severely wounded.
The ogre hits you with a giant spiked club!!
Ouch! That really hurt!
You die...

### #.. ..# #.# #.# #.# #.# #.#
#.# ##### #.# #.#
....##################.# #.#
###....................###.######
................@O...............
###..#####################.......
......# #.####.# ####### #.# #.#
.. #.# #.# ... #.# #.# ### #.#
#.. #.# #.. .. ... #))


You could see an ogre.

Vanquished Creatures
  The ghost of CanadianGator the Conjurer, an amateur DECj (D:3)
  Natasha (twice) (D:2)
  Robin (D:3)
  3 adders
  An ooze (D:1)
  3 worms (D:2)
  A dart slug (D:1)
  3 leopard geckos
  4 orcs (D:3)
  5 bats
  7 giant cockroaches
  10 goblins
  15 hobgoblins
  4 jackals (D:1)
  5 kobolds
  A quokka (D:2)
  3 frilled lizards
  7 rats
76 creatures vanquished.

Notes
Turn   | Place    | Note
-------+----------+-------------------------------------------
     0 | D:1      | CanadianGator the Deep Elf Conjurer began the quest for the Orb.
     0 | D:1      | Reached XP level 1. HP: 10/10 MP: 6/6
   242 | D:1      | Reached XP level 2. HP: 15/15 MP: 5/8
   247 | D:1      | Learned a level 2 spell: Searing Ray
   592 | D:1      | Reached XP level 3. HP: 13/19 MP: 5/10
  1265 | D:2      | Reached skill level 1 in Armour
  1314 | D:2      | Reached XP level 4. HP: 24/24 MP: 4/12
  1379 | D:2      | Learned a level 4 spell: Iskenderun's Mystic Blast
  1492 | D:2      | Found a sparkling altar of Nemelex Xobeh.
  1492 | D:2      | Found a snail-covered altar of Cheibriados.
  1498 | D:2      | Found an opulent altar of Gozag.
  1585 | D:2      | Found a glowing golden altar of the Shining One.
  1623 | D:2      | Noticed Natasha
  1628 | D:2      | Killed Natasha
  1628 | D:2      | Reached skill level 5 in Conjurations
  1778 | D:2      | Noticed Natasha
  1786 | D:2      | Killed Natasha
  1931 | D:2      | Found a burning altar of Makhleb.
  1939 | D:2      | Reached XP level 5. HP: 28/28 MP: 11/13
  2235 | D:3      | Noticed CanadianGator's ghost (amateur DECj)
  2243 | D:3      | Killed CanadianGator's ghost
  2243 | D:3      | Reached skill level 1 in Short Blades
  2243 | D:3      | Reached skill level 5 in Spellcasting
  2243 | D:3      | Reached XP level 6. HP: 11/32 MP: 4/15
  2422 | D:3      | Noticed Robin
  2431 | D:3      | Killed Robin
  2481 | D:3      | Slain by an ogre

Skill      XL: |  1  2  3  4  5 |
---------------+----------------+-----
Armour         | 1 |  1.9
Stealth        | 3 |  3.9
Spellcasting   | 4 5 |  5.4
Dodging        | 3 |  3.4
Conjurations   | 5 |  5.6
Short Blades   | 1 |  1.0

Action                   |  1- 3 |  4- 6 || total
-------------------------+-------+-------++-------
Melee: Short sword       |       |    12 ||    12
 Cast: Magic Dart        |    56 |    36 ||    92
       Searing Ray       |     7 |    17 ||    24
  Use: Potion            |     1 |       ||     1
       Scroll            |       |     3 ||     3
  Eat: Chunk             |     1 |     3 ||     4
Armor: Robe              |    17 |       ||    17
       Ring mail         |     2 |     7 ||     9
Dodge: Dodged            |    28 |     9 ||    37
